 Dungeon Crawl Stone Soup version 0.28-a0-723-g095bd1b44f (webtiles) character file.

Game seed: 7210429237547898499

252 jasper the Chucker (level 5, -12/37 HPs)
             Began as a Demonspawn Artificer on Oct 26, 2021.
             Mangled by Blork the orc (17 damage)
             ... on level 4 of the Dungeon.
             The game lasted 00:06:20 (4225 turns).

jasper the Chucker (Demonspawn Artificer)           Turns: 4225, Time: 00:06:21

Health: -12/37     AC:  3    Str: 12    XL:     5   Next: 89%
Magic:  5/5        EV:  9    Int: 12    God:
Gold:   125        SH:  4    Dex: 15    Spells: 4/4 levels left

rFire   + . .      SeeInvis .   (no weapon)
rCold   + . .      Faith    .   (no shield)
rNeg    . . .      Spirit   .   m - +0 scale mail
rPois   +          Reflect  .   (no helmet)
rElec   +          Harm     .   (no cloak)
rCorr   +          Rampage  .   (no gloves)
Will    .....                   (no boots)
Stlth   ..........              (no amulet)
HPRegen 0.12/turn               (no ring)
MPRegen 0.09/turn               (no ring)

@: resistant
A: claws 1, foul stench 1, condensation shield, agile 1, deformed body, weak 1
a: no special abilities


You were on level 4 of the Dungeon.
You visited 1 branch of the dungeon, and saw 4 of its levels.

You collected 125 gold pieces.

Inventory:

Hand Weapons
 a - a +0 club of flaming
 h - a +0 quarterstaff
Missiles
 c - 105 stones (quivered)
 f - 2 javelins
Armour
 b - a +0 leather armour
 g - a +0 ring mail
 m - a +0 scale mail (worn)
Wands
 d - a wand of charming (10)
Potions
 j - a potion of resistance
Miscellaneous
 e - a piece from Xom's chessboard (15/15)


   Skills:
 - Level 1.0 Fighting
 + Level 5.3 Throwing
 - Level 1.7 Armour
 - Level 0.8 Dodging
 - Level 0.8 Stealth
 - Level 3.0 Evocations


You had 4 spell levels left.
You didn't know any spells.
Your spell library contained the following spells:

 Spells                   Type           Power      Damage    Failure   Level
 Corpse Rot               Necr/Air       0%         N/A       95%         2
 Poisonous Vapours        Pois/Air       0%         N/A       95%         2
 Iskenderun's Battlesphe  Conj           0%         2d6       100%        5
 Iron Shot                Conj/Erth      0%         9d1       100%        6
 Spellforged Servitor     Conj/Summ      0%         N/A       100%        7


Dungeon Overview and Level Annotations

Branches:
Dungeon (4/15)
 Temple: D:4-7

Altars:
Elyvilon

Shops:
D:3 (

Annotations:
D:4 Blork the orc


Innate Abilities, Weirdness & Mutations

You have sharp fingernails.
You may rarely emit foul miasma when damaged in melee.
A meltable shield of frost defends you. (SH +4)
You are agile. (Dex +2)
Armour fits poorly on your strangely shaped body.
You are weak. (Str -2)


Message History

The javelin barely misses Blork the orc.
The javelin closely misses the gnoll.
Blork the orc screams, "Die!"
Blork the orc hits you with a +3 vorpal battleaxe!
* * * LOW HITPOINT WARNING * * *
x2 You take 8 damage, and have 5/37 hp.
MASSIVE DAMAGE!!
Throw: 5 javelins
Press: ? - help, Shift-Dir - straight line, f - Blork the orc
Aim: Blork the orc, wielding a +3 vorpal battleaxe and wearing a +0 robe (fast, strong, 63% to hit)
You throw a javelin.
The javelin pierces through Blork the orc but does no damage.
The javelin pierces through the goblin!
You kill the goblin!
The javelin pierces through the gnoll!
The gnoll is almost dead.
Blork the orc miscasts a cantrip.
Blork the orc barely misses you.
Throw: 4 javelins
Press: ? - help, Shift-Dir - straight line, f/p - Blork the orc
Aim: Blork the orc, wielding a +3 vorpal battleaxe and wearing a +0 robe (fast, strong, 64% to hit)
You throw a javelin.
The javelin pierces through Blork the orc.
Blork the orc is lightly wounded.
The javelin pierces through the gnoll.
The gnoll is almost dead.
Blork the orc barely misses you. The gnoll barely misses you.
You block Blork the orc's attack.
Okay, then.
You aren't carrying any scrolls.
Unknown command.
Throw: 3 javelins
Press: ? - help, Shift-Dir - straight line, f/p - Blork the orc
Aim: Blork the orc, wielding a +3 vorpal battleaxe and wearing a +0 robe (lightly wounded, fast, strong, 63% to hit)
You throw a javelin.
The javelin pierces through Blork the orc.
Blork the orc is moderately wounded.
The javelin pierces through the gnoll.
You kill the gnoll!
Blork the orc hits you with a +3 vorpal battleaxe!
You die...

..... ## ......
#####...# ...g..
#......# ...... #@#
...##........###o#
#.......##....##)#
#...#...#.......)#.#..
................(...._.
...............##..#...
...#....#.#.#...#..# #
...#..#.#.# ##..#....
..........####..#.!...#


You could see Blork the orc (fast, strong).

Vanquished Creatures
  A water moccasin zombie (D:3)
  A centaur skeleton (D:4)
  An orc wizard (D:3)
  3 gnolls (D:4)
  2 adders
  2 worms
  2 dart slugs
  4 orcs (D:3)
  5 ball pythons
  9 bats
  2 endoplasms
  4 giant cockroaches
  6 goblins
  3 hobgoblins
  9 jackals
  7 kobolds
  4 quokkas
  4 frilled lizards
  5 rats
74 creatures vanquished.

Vanquished Creatures (others)
  An orc wizard (D:3)
  8 plants (D:2)
  3 toadstools (D:4)
12 creatures vanquished.

Grand Total: 86 creatures vanquished

Notes
Turn   | Place    | Note
-------+----------+-------------------------------------------
     0 | D:1      | jasper the Demonspawn Artificer began the quest for the
                  | Orb.
     0 | D:1      | Reached XP level 1. HP: 15/15 MP: 1/1
    63 | D:1      | You fall into a shaft and drop 1 floor!
    65 | D:2      | Reached skill level 1 in Throwing
    82 | D:2      | Gained mutation: You have sharp fingernails. [demonic
                  | ancestry]
    82 | D:2      | Reached XP level 2. HP: 21/21 MP: 2/2
   143 | D:2      | Found a faded altar of an unknown god.
   233 | D:2      | Reached skill level 2 in Throwing
   762 | D:2      | Gained mutation: You may rarely emit foul miasma when
                  | damaged in melee. [demonic ancestry]
   762 | D:2      | Reached XP level 3. HP: 26/26 MP: 3/3
   780 | D:2      | Gained mutation: Armour fits poorly on your strangely
                  | shaped body. [potion of mutation]
   780 | D:2      | Gained mutation: You are agile. (Dex +2) [potion of
                  | mutation]
   780 | D:2      | Gained mutation: You are weak. (Str -2) [potion of
                  | mutation]
   780 | D:2      | HP: 1/26 [adder (2)]
  1631 | D:1      | Reached skill level 3 in Throwing
  1638 | D:1      | HP: 1/26 [jackal (2)]
  2491 | D:3      | Gained mutation: A meltable shield of frost defends you.
                  | (SH +4) [demonic ancestry]
  2491 | D:3      | Reached XP level 4. HP: 32/32 MP: 4/4
  2804 | D:3      | Reached skill level 4 in Throwing
  3131 | D:3      | Reached XP level 5. HP: 32/37 MP: 5/5
  3458 | D:3      | Found Sikengo's Weapon Shop.
  3940 | D:4      | Reached skill level 5 in Throwing
  4002 | D:4      | Noticed an ogre
  4206 | D:4      | Noticed Blork the orc
  4225 | D:4      | Mangled by Blork the orc

Illustrated notes

Levels and vault maps discovered:
D:1:      psy_arrival_conway, layout_basic, minmay_misc_feat_x
D:2:      layout_basic, chequers_ecumenical_altar_island, serial_bayou_lagoon_a
D:3:      minmay_inner_zag, layout_rooms, serial_shops, shop_statue,
          kennysheep_potato
D:4:      layout_cave_pools, nicolae_overflow_crystal_walls,
          minmay_gold_behind_fungi, uniq_natasha, uniq_blork_the_orc

Skill      XL: |  1  2  3  4  5 |
---------------+----------------+-----
Throwing       | 1 2 3 4 5 |  5.3
Fighting       | |  1.0
Armour         | |  1.7
Dodging        | |  0.8
Stealth        | |  0.8
Evocations     | |  3.0

Action                   |  1- 3 |  4- 6 || total
-------------------------+-------+-------++-------
Melee: Club              |     1 |     7 ||     8
       Unarmed           |       |    15 ||    15
Throw: Stone             |   203 |   140 ||   343
       Javelin           |    15 |    29 ||    44
Evoke: Wand              |    15 |     5 ||    20
       Piece from Xom's  |     1 |       ||     1
  Use: Scroll            |     3 |     2 ||     5
       Potion            |     2 |     5 ||     7
Armor: Leather armour    |     1 |       ||     1
       Ring mail         |    27 |       ||    27
       Scale mail        |    41 |    40 ||    81
Dodge: Dodged            |    70 |    64 ||   134
Block: Other             |       |    18 ||    18

Table legend: (Time is in decaauts)
 A = Elapsed time spent in this place.
 B = Non-inter-level travel time spent in this place.
 C = Inter-level travel time spent in this place.
 D = Time resting spent in this place.
 E = Time spent auto-exploring this place.
 F = Levels seen in this place.
 G = Mean time per level.
                   A        B        C        D        E       F      G
               +--------+--------+--------+--------+--------+-----+--------+
         Total |   4228 |   4104 |    124 |    165 |   3174 |   4 | 1057.0 |
       Dungeon |   4228 |   4104 |    124 |    165 |   3174 |   4 | 1057.0 |
               +--------+--------+--------+--------+--------+-----+--------+

Top non-repeatable levels by time:
     D:3: 1448 daAuts
     D:2: 1420 daAuts
     D:1: 1067 daAuts
     D:4: 291 daAuts
